 Dungeon Crawl Stone Soup version 0.27.0-1-g7a089689b8 (webtiles) character file.

Game seed: 9237679075895873573

91002 SnakkuSnakku7 the Peltast (level 16, 0/136 HPs)
             Began as a Merfolk Necromancer on Aug 7, 2021.
             Slain by a shard shrike (30 damage)
             ... in an ice cave.
             The game lasted 00:44:10 (30121 turns).

SnakkuSnakku7 the Peltast (Merfolk Necromancer)    Turns: 30121, Time: 00:44:11

Health: 0/136      AC: 22    Str: 13    XL:     16   Next: 2%
Magic:  19/19      EV:  2    Int: 14    God:
Gold:   154        SH: 13    Dex: 17    Spells: 19/19 levels left

rFire    + + .     SeeInvis .   a - +5 demon trident (vorpal)
rCold    + . .     Faith    .   r - +0 kite shield {reflect}
rNeg     . . .     Spirit   .   c - +1 gold dragon scales
rPois    +         Reflect  +   L - +1 hat
rElec    .         Harm     .   (no cloak)
rCorr    .         Rampage  .   n - +1 pair of gloves
Will     ++...                  f - +1 pair of boots {Fly}
Stlth    ..........             F - amulet "Fenynig" {Acrobat Will+ Slay+2}
HPRegen  0.32/turn              k - ring of protection from fire
MPRegen  0.16/turn              Q - +4 ring of slaying

@: mighty, about to teleport, flying, hasted, studying Dodging, very quick
A: (nimble swimmer 2), mertail
a: no special abilities


You were in an ice cave.
You visited 4 branches of the dungeon, and saw 23 of its levels.
You also visited: Ice Cave.

You collected 2347 gold pieces.
You spent 2193 gold pieces at shops.

Inventory:

Hand Weapons
 a - a +5 vorpal demon trident (weapon)
Missiles
 m - 7 curare-tipped darts (quivered)
Armour
 c - +1 gold dragon scales (worn)
 f - a +1 pair of boots of flying (worn)
 n - a +1 pair of gloves (worn)
 r - a +0 kite shield of reflection (worn)
 t - a +2 scale mail of poison resistance
 L - a +1 hat (worn)
Jewellery
 k - a ring of protection from fire (left hand)
 F - the amulet "Fenynig" (around neck) {Acrobat Will+ Slay+2}
   (You found it on level 1 of the Lair of Beasts)

   [amulet of the acrobat]

   It increases your evasion while moving and waiting.
   Slay:      It affects your accuracy & damage with ranged weapons and melee
   (+2).
   Will:      It increases your willpower.
 Q - a +4 ring of slaying (right hand)
Wands
 d - a wand of polymorph (10)
 j - a wand of digging (1)
 s - a wand of flame (29)
 y - a wand of mindburst (62)
 D - a wand of iceblast (42)
 N - a wand of paralysis (16)
 O - a wand of acid (11)
Scrolls
 l - 2 scrolls of immolation
 p - 2 scrolls of magic mapping
 v - a scroll of holy word
 w - a scroll of summoning
 x - 3 scrolls of teleportation
 H - a scroll of fear
 I - 4 scrolls of fog
 R - a scroll of silence
Potions
 e - 3 potions of attraction
 h - 2 potions of magic
 o - 7 potions of curing
 q - a potion of cancellation
 z - 2 potions of mutation
 A - 4 potions of haste
 G - 2 potions of lignification
 J - a potion of flight
 K - 8 potions of ambrosia
 P - 3 potions of brilliance
Miscellaneous
 B - a condenser vane
 M - a tin of tremorstones (2/2)


   Skills:
 - Level 15.0 Fighting
 - Level 1.5 Long Blades
 - Level 14.0 Polearms
 + Level 7.3 Armour
 - Level 12.0 Dodging
 - Level 2.1 Stealth
 - Level 15.0 Shields
 - Level 2.0 Spellcasting
 - Level 3.2 Necromancy
 - Level 9.0 Evocations


You had 19 spell levels left.
You didn't know any spells.
Your spell library contained the following spells:

 Spells                   Type           Power      Damage    Failure   Level
 Animate Skeleton         Necr           20%        N/A       100%        1
 Beastly Appendage        Tmut           2%         N/A       100%        1
 Foxfire                  Conj/Fire      4%         2x1d4     100%        1
 Pain                     Necr           40%        1d6       100%        1
 Slow                     Hex            1%         N/A       100%        2
 Static Discharge         Conj/Air       1%         N/A       100%        2
 Sublimation of Blood     Necr           5%         N/A       100%        2
 Wereblood                Tmut           1%         N/A       100%        2
 Confusing Touch          Hex            1%         N/A       100%        3
 Conjure Flame            Conj/Fire      1%         6-21      100%        3
 Gell's Gravitas          Tloc           0%         N/A       100%        3
 Ignite Poison            Fire/Tmut/Pois 1%         N/A       100%        3
 Inner Flame              Hex/Fire       1%         N/A       100%        3
 Ozocubu's Armour         Ice            1%         N/A       100%        3
 Spider Form              Tmut/Pois      0%         N/A       100%        3
 Stone Arrow              Conj/Erth      2%         3d7       100%        3
 Teleport Other           Tloc           1%         N/A       100%        3
 Vampiric Draining        Necr           5%         2d6       100%        3
 Animate Dead             Necr           5%         N/A       100%        4
 Dispel Undead            Necr           10%        3d9       100%        4
 Sticky Flame             Conj/Fire      1%         2d3       100%        4
 Agony                    Necr           10%        N/A       100%        5
 Bolt of Magma            Conj/Fire/Erth 0%         4d4       100%        5
 Yara's Violent Unravell  Hex/Tmut       0%         3d3       100%        5
 Dispersal                Tloc           0%         N/A       100%        6
 Haunt                    Necr/Summ      2%         N/A       100%        7
 Ozocubu's Refrigeration  Ice            0%         4d5       100%        7
 Summon Hydra             Summ           0%         N/A       100%        7
 Disjunction              Tloc           0%         N/A       100%        8
 Infestation              Necr           5%         N/A       100%        8
 Shatter                  Erth           0%         3d5*      100%        9


Dungeon Overview and Level Annotations

Branches:
Dungeon (15/15)            Temple (1/1) D:5            Lair (6/6) D:9
  Swamp (0/4) Lair:2        Snake (0/4) Lair:2        Slime (0/5) Lair:6
    Orc (2/2) D:11            Elf (0/3) Orc:2        Depths (0/5) D:15
  IceCv (1/1)
 Vaults: D:13-14

Altars:
Ashenzari
Cheibriados
Dithmenos
Elyvilon
Fedhas
Gozag
Hepliaklqana
Kikubaaqudgha
Makhleb
Nemelex Xobeh
Okawaru
Qazlal
Ru
Sif Muna
Trog
Uskayaw
Vehumet
Wu Jian
Xom
Yredelemnul
Zin
The Shining One
Beogh
Jiyva

Shops:
D:4 *   D:12 ?   Orc:1 *   Orc:2 ?:!(

Annotations:
D:5 1 runed translucent door
Lair:2 3 runed translucent doors, exclusion: orange crystal statue, scisormetimb3rs's ghost, adept DsFE
Lair:5 exclusion: 5 oklob plants


Innate Abilities, Weirdness & Mutations

((You are quick and stealthy near water. (Stealth+, EV+, Speed+++)))
Your lower body shifts to a powerful aquatic tail in water.


Message History

Unknown command.
You feel much better.
The shard shrike spits a shard of ice at you.
The shard of ice hits you!! You partially resist.
* * * LOW HITPOINT WARNING * * *
You block the shard shrike's attack.
As you read the scroll of fear, it crumbles to dust.
You assume a fearsome visage.
The shard shrike resists with some effort.
You block the shard shrike's attack.
Blink to where?
Press: ? - help, Dir - move target, p - shard shrike
As you read the scroll of blinking, it crumbles to dust.
Blink to where?
Press: ? - help, Dir - move target
As you read the scroll of blinking, it crumbles to dust.
As you read the scroll of teleportation, it crumbles to dust.
You feel strangely unstable.
The shard shrike spits a shard of ice at you.
Your +0 kite shield of reflection reflects the shard of ice!
The shard of ice hits the shard shrike!!
The shard shrike partially resists.
You feel better.
You feel better. You block the shard shrike's attack.
Unknown command.
Reach: a) +5 demon trident (vorpal)
Press: ? - help, Dir - move target, f - shard shrike
Aim: a shard shrike (moderately wounded, about 41% to evade your +5 vorpal demon trident)
You reach to attack!
Your gold dragon scales prevents you from hitting the shard shrike.
The shard shrike is moderately wounded.
Reach: a) +5 demon trident (vorpal)
Press: ? - help, Dir - move target, f/p - shard shrike
Aim: a shard shrike (moderately wounded, about 38% to evade your +5 vorpal demon trident)
You barely miss the shard shrike.
The shard shrike is moderately wounded.
The shard shrike claws you.
* * * LOW HITPOINT WARNING * * *
The shard shrike freezes you!! You resist.
You die...

#.## #...#####.#....##.#
#..##
##.#####..#...#.#..#
##..###.##
##.#.#..##...##
##..##..#
##..#...####..#
#.###...###.†....## #.##
##....#.##..##..## ###
##..###.#...##..# #
#.####..b...##.## ####
#..##..@#...##..# ##.#.
##...#.##.⌠.###.####.D..
#..#.###..(####.#.#§#.#
##.##.##....###.#.b.###
#..#.##..#..##....##
##.#.#####b###..###
#...####..#...## ##≈
##..##.#.§#..## #≈≈
#.#.#..#...## #≈≈≈


You could see a shard shrike.

Vanquished Creatures
  Rupert (D:12)
  Gastronok (Lair:1)
  Donald (Orc:2)
  The ghost of Kisosi the Severer, a journeyman DDFi of Makhleb (Orc:1)
  A white draconian (IceCv)
  2 ettins
  A fire dragon (Lair:6)
  Fannar (D:11)
  7 hydras
  2 ogre magi (Orc:2)
  An alligator (Lair:6)
  An ironbound frostheart (IceCv)
  5 two-headed ogres
  Urug (D:11)
  An orc high priest (Orc:1)
  2 bog bodies (Lair:2)
  2 lindwurms
  An orc knight (D:11)
  An orange crystal statue (IceCv)
  9 orc sorcerers (Orc:2)
  11 ugly things
  2 molten gargoyles (Lair:6)
  A black mamba (shapeshifter) (D:15)
  A torpor snail (Lair:4)
  A gargoyle (D:11)
  8 black mambas
  18 cane toads
  A kobold demonologist (D:12)
  16 rime drakes
  3 unseen horrors
  7 komodo dragons
  2 freezing wraiths (D:15)
  A queen bee (Lair:1)
  2 hornets (D:9)
  5 trolls
  A tyrant leech (Lair:1)
  18 polar bears
  15 blink frogs
  6 dream sheep (Lair:6)
  A meliai zombie (D:10)
  65 yaks
  A wraith (D:9)
  9 wyverns
  10 basilisks
  A steam dragon (Lair:6)
  6 vampire mosquitoes (D:12)
  A naga (Lair:2)
  3 swamp worms (Lair:1)
  An acid dragon (D:11)
  15 water moccasins
  3 wargs
  4 hell hounds (Lair:6)
  14 orc warriors
  A necrophage (D:6)
  10 wolves
  13 ogres
  A centaur (D:9)
  A phantom (D:7)
  A kobold brigand (D:9)
  A wyvern zombie (D:9)
  13 bullfrogs
  A gnoll sergeant (D:10)
  11 scorpions
  A wyvern skeleton (D:7)
  23 killer bees
  3 wights (D:6)
  5 howler monkeys
  2 electric eels (Lair:5)
  3 centaur zombies
  8 lava snakes
  A gnoll shaman (D:5)
  14 orc priests
  5 hounds
  3 jellies
  Ijyb (D:4)
  An iguana (D:6)
  27 orc wizards
  A howler monkey zombie (D:5)
  9 gnolls
  10 adders
  A shadow imp (D:7)
  3 white imps
  2 ufetubi
  3 worms (D:3)
  2 dart slugs (D:2)
  63 orcs
  4 bats
  9 endoplasms
  8 giant cockroaches
  9 goblins
  6 hobgoblins
  7 jackals
  3 quokkas
  5 ball pythons
  3 frilled lizards
  13 kobolds
  9 rats
615 creatures vanquished.

Vanquished Creatures (collateral kills)
  A basilisk (Lair:3)
  A water moccasin (Lair:3)
2 creatures vanquished.

Vanquished Creatures (others)
  An orc wizard (Orc:2)
  52 fungi
  46 plants
99 creatures vanquished.

Grand Total: 716 creatures vanquished

Notes
Turn   | Place    | Note
-------+----------+-------------------------------------------
     0 | D:1      | SnakkuSnakku7 the Merfolk Necromancer began the quest for
                  | the Orb.
     0 | D:1      | Reached XP level 1. HP: 13/13 MP: 3/3
   106 | D:1      | Reached skill level 1 in Fighting
   199 | D:1      | Reached XP level 2. HP: 10/22 MP: 0/5
   983 | D:1      | Found a faded altar of an unknown god.
  1087 | D:1      | Reached XP level 3. HP: 26/28 MP: 6/6
  1252 | D:2      | Reached skill level 1 in Long Blades
  1802 | D:2      | Reached skill level 1 in Polearms
  2068 | D:2      | Reached XP level 4. HP: 32/35 MP: 7/7
  2162 | D:2      | Found a white marble altar of Elyvilon.
  3257 | D:3      | Reached XP level 5. HP: 31/42 MP: 8/8
  3415 | D:4      | Noticed a yak
  3415 | D:4      | Noticed a yak
  3416 | D:4      | Noticed a yak
  3419 | D:4      | Noticed a yak
  3422 | D:4      | Noticed a yak
  3725 | D:3      | Killed a yak
  3726 | D:3      | Reached skill level 5 in Polearms
  3726 | D:3      | Reached XP level 6. HP: 26/50 MP: 9/9
  3923 | D:4      | Reached skill level 5 in Fighting
  4145 | D:4      | Found Duinn's Lightly-Used Armoury.
  4169 | D:4      | Noticed Ijyb
  4178 | D:4      | Reached XP level 7. HP: 23/56 MP: 10/10
  4796 | D:4      | Bought a -1 demon trident for 130 gold pieces
  4900 | D:4      | Killed a yak
  4936 | D:4      | Killed a yak
  4985 | D:4      | Killed a yak
  4986 | D:4      | Reached XP level 8. HP: 27/67 MP: 11/11
  5002 | D:4      | HP: 2/67 [yak (14)]
  5352 | D:4      | Killed a yak
  5397 | D:4      | Killed Ijyb
  5628 | D:5      | Entered Level 5 of the Dungeon
  5834 | D:5      | Found a staircase to the Ecumenical Temple.
  5857 | Temple   | Entered the Ecumenical Temple
  6455 | D:5      | Found a runed translucent door.
  6460 | D:5      | Found a runed translucent door.
  6522 | D:5      | Reached skill level 10 in Polearms
  6758 | D:5      | Reached XP level 9. HP: 54/74 MP: 12/12
  8025 | D:7      | Noticed a white ugly thing
  8059 | D:7      | Found an opulent altar of Gozag.
  8162 | D:7      | Reached skill level 5 in Dodging
  8367 | D:7      | Killed a white ugly thing
  8368 | D:7      | Reached XP level 10. HP: 80/80 MP: 13/13
  8699 | D:8      | Reached skill level 10 in Dodging
  8987 | D:8      | Noticed a two-headed ogre
  8995 | D:8      | Killed a two-headed ogre
  9478 | D:9      | Found a staircase to the Lair.
  9556 | D:9      | Reached skill level 1 in Shields
  9677 | D:9      | Noticed a two-headed ogre
  9693 | D:9      | Killed a two-headed ogre
  9694 | D:9      | Reached skill level 5 in Shields
  9694 | D:9      | Reached XP level 11. HP: 32/86 MP: 14/14
 10116 | D:10     | Entered Level 10 of the Dungeon
 10733 | D:10     | Reached XP level 12. HP: 72/92 MP: 15/15
 10776 | Lair:1   | Entered Level 1 of the Lair of Beasts
 11015 | Lair:1   | Noticed a four-headed hydra
 11326 | Lair:2   | Found a staircase to the Swamp.
 12048 | Lair:1   | Identified the amulet "Fenynig" {Acrobat Will+ Slay+2}
 12226 | Lair:2   | Noticed a minotaur
 12226 | Lair:2   | Noticed scisormetimb3rs's ghost (adept DsFE)
 12488 | Lair:2   | Reached skill level 10 in Shields
 12499 | Lair:2   | Found a runed translucent gate.
 12499 | Lair:2   | Found a runed translucent gate.
 12499 | Lair:2   | Found a runed translucent gate.
 12808 | Lair:2   | Found a staircase to the Snake Pit.
 13324 | Lair:2   | Reached XP level 13. HP: 92/98 MP: 16/16
 14128 | Lair:1   | Noticed Gastronok
 14181 | Lair:1   | Killed Gastronok
 14887 | Lair:3   | Found a hide-covered altar of Uskayaw.
 16746 | Lair:4   | Identified the +2 leather armour "Ymomydde" {rC++ rN+ Str+4
                  | Stlth-}
 17604 | Lair:5   | You fall into a shaft and drop 1 floor!
 17604 | Lair:6   | Entered Level 6 of the Lair of Beasts
 17636 | Lair:6   | Reached XP level 14. HP: 33/105 MP: 17/17
 17880 | Lair:6   | Reached skill level 15 in Shields
 18011 | Lair:6   | Reached skill level 1 in Evocations
 18207 | Lair:6   | Reached skill level 5 in Evocations
 18552 | Lair:6   | Found a viscous altar of Jiyva.
 18552 | Lair:6   | Found a staircase to the Slime Pits.
 21074 | Lair:6   | Found a large runed translucent door.
 21075 | Lair:6   | Found a large runed translucent door.
 21904 | D:4      | Bought -3 gold dragon scales for 845 gold pieces
 22070 | D:11     | Found a staircase to the Orcish Mines.
 22140 | D:11     | Noticed Urug
 22152 | D:11     | Killed Urug
 22463 | D:11     | Noticed Fannar
 22490 | D:11     | Killed Fannar
 23267 | Orc:1    | Entered Level 1 of the Orcish Mines
 23623 | D:11     | Reached skill level 10 in Fighting
 23754 | Orc:1    | Found a runed translucent gate.
 23754 | Orc:1    | Found a runed translucent gate.
 23754 | Orc:1    | Found a runed translucent gate.
 23761 | Orc:1    | Found an opulent altar of Gozag.
 23763 | Orc:1    | Found Joirr's Assorted Antiques.
 23767 | Orc:1    | Noticed Kisosi's ghost (journeyman DDFi)
 23902 | Orc:1    | Killed Kisosi's ghost
 23903 | Orc:1    | Reached XP level 15. HP: 71/110 MP: 18/18
 23942 | Orc:1    | Bought a sapphire ring for 160 gold pieces
 23942 | Orc:1    | Bought a scroll labelled UGUASU LAFOCSAN for 32 gold pieces
 23942 | Orc:1    | Bought a small citrine amulet for 160 gold pieces
 23942 | Orc:1    | Bought 2 scrolls of identify for 128 gold pieces
 23944 | Orc:1    | Identified a scroll of acquirement
 23945 | Orc:1    | Acquired a manual of Dodging
 23966 | Orc:2    | Entered Level 2 of the Orcish Mines
 23974 | Orc:2    | Found a staircase to the Elven Halls.
 23979 | Orc:2    | Noticed Donald
 23993 | Orc:2    | Killed Donald
 25908 | Orc:2    | Found Ymiustim's Magic Scroll Shop.
 25938 | Orc:2    | Bought a scroll of enchant weapon for 90 gold pieces
 25938 | Orc:2    | Bought a scroll of blinking for 90 gold pieces
 25938 | Orc:2    | Bought a scroll of enchant weapon for 90 gold pieces
 25938 | Orc:2    | Bought a scroll of blinking for 90 gold pieces
 25938 | Orc:2    | Bought a scroll of teleportation for 36 gold pieces
 25938 | Orc:2    | Bought a scroll of summoning for 114 gold pieces
 25954 | Orc:2    | Found an ancient bone altar of Kikubaaqudgha.
 26219 | Orc:2    | Found Duereatoant's Book Boutique.
 26241 | Orc:2    | Paralysed by an orc sorcerer for 7 turns
 26256 | Orc:2    | Found a radiant altar of Vehumet.
 26683 | Orc:2    | Found Zoegej's Distillery.
 26689 | Orc:2    | Found Cecaijobb's Antique Weapon Shop.
 26718 | Orc:2    | Bought a potion of might for 56 gold pieces
 26718 | Orc:2    | Bought a potion of heal wounds for 70 gold pieces
 26847 | D:12     | Noticed Rupert
 26883 | D:12     | Paralysed by Rupert for 6 turns
 26884 | D:12     | Killed Rupert
 27133 | D:12     | Found Lihomogh's Magic Scroll Shop.
 27264 | D:12     | Bought a scroll of enchant armour for 90 gold pieces
 27264 | D:12     | Bought a scroll of noise for 12 gold pieces
 27988 | D:13     | You fall into a shaft and drop 2 floors!
 27988 | D:15     | Entered Level 15 of the Dungeon
 28041 | D:15     | Found a frozen archway.
 28252 | IceCv    | Entered an ice cave
 29175 | IceCv    | Reached skill level 15 in Fighting
 29559 | IceCv    | Noticed a shard shrike
 29590 | IceCv    | Reached XP level 16. HP: 99/136 MP: 19/19
 30121 | IceCv    | Slain by a shard shrike

Illustrated notes

Levels and vault maps discovered:
D:1:      zaba_arrival_water, layout_basic, ebering_ecumenical_altar_box,
          hangedman_glass_teeth, amcnicky_mini_corridor_feature
D:2:      layout_loops_ring, basic_altar, st_stairs_14,
          hangedman_decor_riveting, grunt_ministairs_1,
          kennysheep_cross_bottleneck, eino_tiny_chamber,
          kennysheep_generic_room_16
D:3:      layout_loops_ring, minmay_misc_feat_cross
D:4:      layout_loops_ring, minmay_shop_damaged, uniq_ijyb
D:5:      lemuel_insect_pit, layout_loops_ring,
          minmay_temple_entry_glassed_door, serial_aquarium,
          aquarium_bridge_square [aquarium_subvault_bridge,
          aquarium_subvault_bridge, aquarium_subvault_window,
          aquarium_subvault_wall], aquarium_window_corridor_1,
          aquarium_window_fake, aquarium_view_4, aquarium_view_2f,
          kennysheep_doodads
D:6:      layout_basic, grunt_ministairs_14
D:7:      layout_loops_ring, grunt_gozag_statues, minmay_misc_feat_enclosed
D:8:      layout_loops_ring, serial_glass, glass_columns_c, glass_columns_c
D:9:      layout_irregular_city, dpeg_oklobed_lair, nicolae_lava_and_water,
          minivault_23, serial_bayou_pond_e, minivault_16
D:10:     layout_basic
D:11:     layout_loops_corners, david_orc_3, kennysheep_generic_room_15,
          uniq_fannar, uniq_urug
D:12:     layout_small_grid, serial_shops, nicolae_stop_n_shop_2, nicolae_wwwww,
          uniq_rupert
D:13:     layout_roguey, grunt_vaults_entry_tiered
D:15:     grunt_enter_depths_hoard, layout_basic, special_room
          [special_room_orc], portal_ice_cave_entry_frozen_things
Temple:   kilobyte_greek_temple
Lair:1:   layout_hall_layers, special_room [special_room_bee], worms_lemuel,
          grunt_megastairs_1, uniq_gastronok
Lair:2:   layout_chaotic_city, skrybe_swamp_entry_bodies,
          guppyfry_snake_entry_garden, maelrawn_ghost_gauntlet_escape,
          disabler_island
Lair:3:   layout_chaotic_city, basic_altar, grunt_megastairs_3
Lair:4:   layout_hall_layers, st_stairs_3, lemuel_fruit_fields
Lair:5:   layout_gridlike, infiniplex_staircase_pool_2,
          minmay_lair_oklob_chamber
Lair:6:   cheibrodos_lair_end_hotspot, layout_loops_ring, slime_altar_1,
          chequers_serial_rivers_micro_a, chequers_serial_rivers_micro_d
Orc:1:    layout_caves, ebering_ghost_gozag
Orc:2:    kennysheep_orc_mage_school, layout_caves, uniq_donald
IceCv:    ice_cave_caverns_03

Skill      XL: |  1  2  3  4  5  6  7  8  9 10 11 12 13 14 15 |
---------------+----------------------------------------------+-----
Fighting       | 1 2 3 4 5 7 8 10 15 | 15.0
Long Blades    | 1 |  1.5
Polearms       | 1 3 5 6 8 11 14 | 14.0
Dodging        | 7 12 | 12.0
Shields        | 5 6 10 14 15 | 15.0
Armour         | 6 7 |  7.3
Evocations     | 9 |  9.0
Stealth        | |  2.1
Spellcasting   | |  2.0
Necromancy     | |  3.2

Action                   |  1- 3 |  4- 6 |  7- 9 | 10-12 | 13-15 | 16-18 || total
-------------------------+-------+-------+-------+-------+-------+-------++-------
Melee: Falchion          |    41 |       |       |       |       |       ||    41
       Dagger            |    58 |   136 |   206 |       |       |       ||   400
       Demon trident     |       |       |   117 |   463 |  1736 |    27 ||  2343
       Tailslap          |       |       |       |     4 |     7 |       ||    11
Throw: Dart              |       |       |     1 |     8 |    13 |       ||    22
 Cast: Pain              |    23 |       |       |       |       |       ||    23
Evoke: Wand              |       |     1 |     1 |    13 |    15 |     1 ||    31
       Tin of tremorston |       |       |       |       |     2 |       ||     2
       Condenser vane    |       |       |       |       |     1 |       ||     1
  Use: Scroll            |       |     3 |     7 |     9 |    20 |     5 ||    44
       Potion            |       |       |       |     3 |     2 |     9 ||    14
 Stab: Sleeping          |     6 |     3 |       |       |       |       ||     9
       Paralysed         |       |       |       |       |     7 |       ||     7
Armor: Robe              |    21 |    32 |    11 |       |       |       ||    64
       Scale mail        |       |       |    84 |   104 |   285 |       ||   473
       Gold dragon scale |       |       |       |       |    85 |    11 ||    96
Dodge: Dodged            |    63 |    68 |   129 |   169 |   528 |     4 ||   961
Block: Tower shield      |       |       |       |   146 |   753 |       ||   899
       Kite shield       |       |       |       |       |   247 |    15 ||   262
       Reflection        |       |       |       |       |     6 |     1 ||     7
       Rpst.: Falchion   |     6 |       |       |       |       |       ||     6
